 Dungeon Crawl Stone Soup version 0.30.0-11-gf55b779eaf (webtiles) character file.

Game seed: 8827145377831899448

45 NotreDorf the Ducker (level 3, -6/28 HPs)
             Began as a Merfolk Gladiator on May 17, 2023.
             Mangled by a gnoll
             ... wielding a +0 halberd
              (7 damage)
             ... on level 2 of the Dungeon.
             The game lasted 00:02:29 (785 turns).

NotreDorf the Ducker (Merfolk Gladiator)             Turns: 785, Time: 00:02:30

Health: -6/28      AC:  4    Str: 16    XL:     3   Next: 64%
Magic:  3/3        EV: 13    Int:  7    God:
Gold:   44         SH:  0    Dex: 15    Spells: 2/2 levels left

rFire   . . .        a - +0 trident
rCold   . . .        (no shield)
rNeg    . . .        b - +0 leather armour
rPois   .            c - +0 helmet
rElec   .            (no cloak)
rCorr   .            (no gloves)
SInv    .            (no boots)
Will    .....        (no amulet)
Stlth   ++           (no ring)
HPRegen 0.24/turn    (no ring)
MPRegen 0.08/turn

%: no passive effects
@: no status effects
A: (nimble swimmer 2), mertail
a: no special abilities


You were on level 2 of the Dungeon.
You visited 1 branch of the dungeon, and saw 2 of its levels.

You collected 44 gold pieces.

Inventory:

Hand Weapons
 a - a +0 trident (weapon)
Missiles
 d - 3 throwing nets (quivered)
 e - a javelin
 k - 6 poisoned darts
Armour
 b - a +0 leather armour (worn)
 c - a +0 helmet (worn)
Scrolls
 h - a scroll of blinking {unknown}
 i - a scroll of fog {unknown}
Potions
 f - 3 potions of lignification
 j - a potion of ambrosia {unknown}


   Skills:
 + Level 2.8 Fighting
 + Level 4.5 Polearms
 - Level 2.0 Throwing
 + Level 4.6 Dodging
 + Level 1.7 Stealth


You had 2 spell levels left.
You didn't know any spells.
Your spell library contained the following spells:

 Spells                   Type           Power      Damage    Failure   Level
 Apportation              Tloc           0%         N/A       50%         1
 Necrotise                Necr           0%         1d4       50%         1
 Summon Small Mammal      Summ           0%         N/A       50%         1


Dungeon Overview and Level Annotations

Branches:
Dungeon (2/15)

Altars:


Innate Abilities, Weirdness & Mutations

((You are very nimble when in or above water. (Stealth+, EV+, Speed+++)))
Your lower body shifts to a powerful aquatic tail in water.


Message History

The gnoll is heavily wounded.
The gnoll barely misses you.
You reach to attack!
You hit the gnoll but do no damage.
The gnoll is heavily wounded.
The gnoll hits you from afar with a +0 spear.
You reach to attack!
You closely miss the gnoll.
The gnoll is heavily wounded.
The gnoll completely misses you.
You reach to attack!
You hit the gnoll.
The gnoll is almost dead.
The gnoll completely misses you.
You reach to attack!
You puncture the gnoll!
You kill the gnoll!
The ball python barely misses you. The ball python grabs you.
The ball python constricts you.
You barely miss the ball python. The ball python bites you.
The ball python constricts you.
The gnoll hits you from afar with a +0 halberd.
A goblin comes into view. It is wielding a +0 dagger.
You are too injured to fight recklessly!
You are too injured to fight recklessly!
Reach: a) +0 trident
Press: ? - help, Dir - move target, f - ball python
Aim: a ball python (constricting you, about 43% to evade your +0 trident)
The goblin shouts!
You puncture the ball python!
You kill the ball python!
The gnoll hits you from afar with a +0 halberd.
* * * LOW HITPOINT WARNING * * *
Reach: a) +0 trident
Press: ? - help, Dir - move target, f - gnoll
Aim: a gnoll, wielding a +0 halberd (about 36% to evade your +0 trident)
You reach to attack!
You barely miss the gnoll.
The gnoll hits you from afar with a +0 halberd.
* * * LOW HITPOINT WARNING * * *
As you read the scroll labelled QIXKOUX ELEO, it crumbles to dust.
It is a scroll of identify.
f - 3 potions of lignification The gnoll hits you from afar with a +0 halberd!
You die...

.............## #.##.g.
###..........# .......
#........<.# #....g ##
#..........# ##.g... .##
#..........# ......$ ..#
#..........# ###.... #.#
##........##
.......###.#####......##
......gg)@....##.#.####
.#...g.###..#....#...#
#.###.####....####..#####
.....†.....#.# ##......
##.#..##.###.# #......
#....##.###.# #......
8..#....[..†.# #..####
........###### #..#
.......# #..#


You could see 2 gnolls and a goblin.

Vanquished Creatures
  2 gnolls (D:2)
  4 endoplasms
  A giant cockroach (D:1)
  2 goblins (D:1)
  A hobgoblin (D:1)
  6 ball pythons
  4 bats
  3 frilled lizards (D:1)
  A kobold (D:1)
  A rat (D:1)
25 creatures vanquished.

Notes
Turn   | Place    | Note
-------+----------+-------------------------------------------
     0 | D:1      | NotreDorf the Merfolk Gladiator began the quest for the
                  | Orb.
     0 | D:1      | Reached XP level 1. HP: 16/16 MP: 1/1
   264 | D:1      | Reached XP level 2. HP: 23/23 MP: 2/2
   325 | D:1      | Reached skill level 1 in Stealth
   760 | D:2      | Reached XP level 3. HP: 28/28 MP: 3/3
   784 | D:2      | HP: 1/28 [gnoll/+0 halberd (4)]
   785 | D:2      | Mangled by a gnoll

Illustrated notes

Levels and vault maps discovered:
D:1:      saegor_arrival_simple_d, layout_loops_ring
D:2:      wander_river, layout_rooms, minivault_25, uniq_crazy_yiuf_cottage

Skill      XL: |  1  2 |
---------------+-------+-----
Stealth        | 1 |  1.7
Fighting       | |  2.8
Polearms       | |  4.5
Throwing       | |  2.0
Dodging        | |  4.6

Action                     || total
---------------------------++-------
  Melee: Trident           ||    53
         Punch             ||     2
    Use: Scroll            ||     1
   Stab: Sleeping          ||     5
 Armour: Leather armour    ||     8
  Dodge: Dodged            ||    18
